[Event "Festival Groningen-A 2024"]
[Site "Groningen"]
[Date "2024.12.22"]
[Round "2.17"]
[White "Slagboom, Leandro"]
[Black "Grooten, Herman"]
[Result "1-0"]
[ECO "B40"]
[WhiteElo "2370"]
[BlackElo "2183"]
[Annotator "RC"]
[PlyCount "93"]
[EventDate "2024.12.21"]
[EventType "swiss"]
[EventCountry "NED"]
[SourceTitle "playchess.com"]
[Source "ChessBase"]
[SourceQuality "1"]
[TimeControl "40/5400+30:1800+30"]

1. e4 c5 2. Nf3 e6 3. c3 Nf6 4. Bd3 d5 5. e5 Nfd7 6. Bc2 Nc6 7. d4 Be7 8. a3 a5 9. h4 f6 10. exf6 Nxf6 11. h5 Qc7 12. Qe2 Bd7 13. h6 g6 14. Bg5 O-O 15. Nbd2 cxd4 16. cxd4 Bd6 17. O-O Ng4 18. Qd3 Bh2+ 19. Kh1 Bf4 20. Bxf4 Qxf4 21. g3 Qxh6+ 22. Kg2 Qg7 23. Rae1 Rac8 24. Ba4 Rf5 25. Bxc6 bxc6 26. Nh4 Rh5 27. f4 c5 28. Ndf3 Rb8 29. Qc3 c4 30. Qxa5 Rxb2+ 31. Kg1 Qe7 32. Rb1 Rb3 33. Rxb3 cxb3 34. Rb1 g5 35. Nxg5 Rxg5 36. fxg5 Qxg5 37. Qe1 Qf6 38. Qd2 e5 39. Rf1 Qd8 40. dxe5 Qb6+ 41. Kh1 Ne3 42. Qf2 Qh6 43. Qf7+ Kh8 44. e6 Nxf1 45. exd7 Nxg3+ 46. Kg2 Qd2+ 47. Kh3 1-0

[Event "Festival Groningen-A 2024"]
[Site "Groningen"]
[Date "2024.12.23"]
[Round "3.7"]
[White "Poetsch, Hagen"]
[Black "Laxman, R.R."]
[Result "1/2-1/2"]
[ECO "C54"]
[WhiteElo "2491"]
[BlackElo "2310"]
[Annotator "RC"]
[PlyCount "60"]
[EventDate "2024.12.21"]
[EventType "swiss"]
[EventCountry "NED"]
[SourceTitle "playchess.com"]
[Source "ChessBase"]
[SourceQuality "1"]
[TimeControl "40/5400+30:1800+30"]

1. e4 e5 2. Nf3 Nc6 3. Bc4 Bc5 4. c3 Nf6 5. d4 exd4 6. cxd4 Bb4+ 7. Bd2 Bxd2+ 8. Nbxd2 d5 9. exd5 Nxd5 10. Qb3 Nce7 11. O-O O-O 12. Rfe1 c6 13. Ne4 Qb6 14. Qa3 Bg4 15. Ne5 Qxd4 16. Nd6 Be6 17. Nxb7 Rab8 18. Rad1 Qb6 19. Nc5 Qxb2 20. Qxb2 Rxb2 21. Ned3 Rbb8 22. Nxe6 fxe6 23. Rxe6 Kh8 24. Ne5 Rb2 25. f3 Nf5 26. Rxc6 Nde3 27. Nf7+ Kg8 28. Nh6+ Kh8 29. Nf7+ Kg8 30. Nh6+ Kh8 1/2-1/2

[Event "Festival Groningen-A 2024"]
[Site "Groningen"]
[Date "2024.12.23"]
[Round "3.14"]
[White "Ratsma, Midas"]
[Black "Nicolai, Amir"]
[Result "1/2-1/2"]
[ECO "B33"]
[WhiteElo "2326"]
[BlackElo "2156"]
[Annotator "RC"]
[PlyCount "66"]
[EventDate "2024.12.21"]
[EventType "swiss"]
[EventCountry "NED"]
[SourceTitle "playchess.com"]
[Source "ChessBase"]
[SourceQuality "1"]
[TimeControl "40/5400+30:1800+30"]

1. e4 c5 2. Nf3 Nc6 3. d4 cxd4 4. Nxd4 Nf6 5. Nc3 e5 6. Ndb5 d6 7. Bg5 a6 8. Na3 b5 9. Nab1 Be7 10. Bxf6 Bxf6 11. a4 b4 12. Nd5 O-O 13. Bc4 Rb8 14. O-O Bg5 15. Qd3 a5 16. b3 Kh8 17. c3 f5 18. Bb5 fxe4 19. Qxe4 Bf5 20. Qe1 Ne7 21. Nxe7 Qxe7 22. cxb4 axb4 23. Qxb4 Bd3 24. Nc3 Bxf1 25. Rxf1 Bd2 26. Nd5 Bxb4 27. Nxe7 Bc5 28. b4 Bxb4 29. Nc6 Bc5 30. Nxb8 Rxb8 31. g3 Kg8 32. Kg2 Kf7 33. Re1 Ke6 1/2-1/2

[Event "Festival Groningen-A 2024"]
[Site "Groningen"]
[Date "2024.12.23"]
[Round "3.26"]
[White "Sharma, Dinesh K."]
[Black "Noordenbos, Daan"]
[Result "1/2-1/2"]
[ECO "C90"]
[WhiteElo "2200"]
[BlackElo "2130"]
[Annotator "RC"]
[PlyCount "46"]
[EventDate "2024.12.21"]
[EventType "swiss"]
[EventCountry "NED"]
[SourceTitle "playchess.com"]
[Source "ChessBase"]
[SourceQuality "1"]
[TimeControl "40/5400+30:1800+30"]

1. e4 e5 2. Nf3 Nc6 3. Bb5 a6 4. Ba4 Nf6 5. d3 b5 6. Bb3 Be7 7. O-O d6 8. c3 O-O 9. Re1 Na5 10. Bc2 c5 11. d4 Bb7 12. d5 Nc4 13. b3 Nb6 14. Nbd2 Nfxd5 15. exd5 Nxd5 16. Bb2 f5 17. Nf1 e4 18. N3d2 Nf4 19. f3 Bh4 20. g3 Qg5 21. Nxe4 fxe4 22. Bxe4 d5 23. Bc2 Nh3+ 1/2-1/2